 Dungeon Crawl Stone Soup version 0.18-a0-816-g97f838e (webtiles) character file.

80 cluie the Charlatan (level 4, 0/51 HPs)
             Began as a Demonspawn Artificer on Dec 15, 2015.
             Succumbed to a gnoll's poison
             ... on level 2 of the Dungeon.
             The game lasted 00:02:12 (1687 turns).

cluie the Charlatan (Demonspawn Artificer)          Turns: 1687, Time: 00:02:13

Health: 0/51       AC:  7    Str: 17    XL:     4   Next: 18%
Magic:  0/7        EV: 12    Int: 13    God:
Gold:   142        SH:  0    Dex: 14    Spells: 0 memorised, 3 levels left

rFire  . . .     SeeInvis .     a - +0 short sword
rCold  . . .     Clarity  .     b - +0 leather armour
rNeg   . . .     SustAt   .     (no shield)
rPois  .         Gourm    .     j - +0 helmet
rElec  .         Spirit   +     (no cloak)
rCorr  .         Dismiss  .     (no gloves)
rMut   .         Stasis   .     (no boots)
MR     .....                    (no amulet)
Stlth  ..........               (no ring)
                                (no ring)

@: berserking, lethally poisoned (0 -> -4), very slightly contaminated,
invisible, very quick, not resistant to hostile enchantments, extremely
unstealthy
A: yellow scales 2, magic shield
a: no special abilities


You were on level 2 of the Dungeon.
You were hungry.

You visited 1 branch of the dungeon, and saw 2 of its levels.

You collected 142 gold pieces.

Inventory:

Hand Weapons
 a - a +0 short sword (weapon)
Armour
 b - a +0 leather armour (worn)
 j - a +0 helmet (worn)
Wands
 c - a wand of flame (15)
 d - a wand of enslavement (14)
 e - a wand of random effects (15)
 s - a wand of slowing (33)
Scrolls
 h - 2 scrolls of fog {unknown}
 i - 2 scrolls of identify {unknown}
 l - a scroll of amnesia {unknown}
 n - a scroll of recharging {unknown}
 o - a scroll of teleportation {unknown}
 q - a scroll of blinking {unknown}
 t - a scroll of remove curse {unknown}
Potions
 g - a potion of magic {unknown}
 p - 2 potions of curing {unknown}
 r - 2 potions of agility {unknown}
 u - a potion of might {unknown}
Comestibles
 f - 3 bread rations
 k - 2 slices of pizza
 m - 2 meat rations


   Skills:
 * Level 2.4 Fighting
 - Level 0.8 Short Blades
 + Level 2.3 Dodging
 - Level 0.8 Stealth
 * Level 4.1 Evocations


You had 3 spell levels left.
You didn't know any spells.

Dungeon Overview and Level Annotations

Branches:
Dungeon (2/15)

Altars:
Ru


Innate Abilities, Weirdness & Mutations

You are mostly covered in yellow scales (AC +3).
When hurt, damage is shared between your health and your magic reserves.


Message History

You feel sick.
The gnoll hits you from afar with a spear of chaos.
* * * LOW HITPOINT WARNING * * *
The gnoll freezes you.
* * * LOW HITPOINT WARNING * * *
The gnoll hits you with a spear of chaos.
* * * LOW HITPOINT WARNING * * *
You are electrocuted!
* * * LOW HITPOINT WARNING * * *
You can move again.
Unknown command.
Unknown command.
Unknown command.
You puncture the gnoll!
You kill the gnoll!
Unknown command.
You catch the helpless gnoll completely off-guard!
You puncture the gnoll!
The gnoll is severely wounded.
You die...

#.....# ≈.#####).
#####.## #≈.##.#.
#... ≈.##..# ####
#≈...^ ### .≈#.#
#.# ### .g#
###.###.### #g#
#.......... ##@#
#>#.###.### #..#
##.#.# ### #
######.######.#..#
#
#..>.........###.##
# #...........##
##.# #
#.##########.###.##
# ##########.#
##..#..## #
........##.#
#.......######
#######.##.#
#.............


You could see 2 gnolls.

Vanquished Creatures
  4 gnolls (D:2)
  An adder (D:2)
  2 giant cockroaches
  7 hobgoblins
  4 jackals (D:1)
  4 bats
  A giant newt (D:1)
  A goblin (D:1)
  7 kobolds
  9 rats
40 creatures vanquished.

Vanquished Creatures (collateral kills)
  A gnoll (D:2)
  A hobgoblin (D:2)
2 creatures vanquished.

Grand Total: 42 creatures vanquished

Notes
Turn   | Place    | Note
--------------------------------------------------------------
     0 | D:1      | cluie the Demonspawn Artificer began the quest for the Orb.
     0 | D:1      | Reached XP level 1. HP: 15/15 MP: 3/3
   223 | D:1      | Gained mutation: You are partially covered in yellow scales (AC +2). [demonic ancestry]
   223 | D:1      | Reached XP level 2. HP: 16/21 MP: 4/4
   593 | D:1      | You fall through a shaft!
   595 | D:2      | Found a sacrificial altar of Ru.
  1156 | D:2      | Gained mutation: You are mostly covered in yellow scales (AC +3). [demonic ancestry]
  1156 | D:2      | Reached XP level 3. HP: 19/27 MP: 5/5
  1366 | D:2      | Reached skill level 4 in Evocations
  1517 | D:2      | Gained mutation: When hurt, damage is shared between your health and your magic reserves. [demonic ancestry]
  1517 | D:2      | Reached XP level 4. HP: 27/34 MP: 7/7
  1680 | D:2      | Paralysed by a gnoll for 6 turns
  1685 | D:2      | HP: 1/51 [gnoll/spear of chaos (7)]
  1687 | D:2      | Succumbed to a gnoll's poison

Vault maps used:
D:1:      lightli_arrival_flooded_house
D:2:      tgw_xom, kennysheep_pointless_box, nicolae_ru_sacrificial_ziggurat

Action                   |  1- 3 |  4- 6 || total
-------------------------+-------+-------++-------
Melee: Short sword       |   133 |     8 ||   141
Evoke: Wand              |     1 |       ||     1
 Stab: Sleeping          |     3 |     2 ||     5
       Distracted        |     2 |       ||     2
       Invisible         |       |     1 ||     1
  Eat: Chunk             |     2 |       ||     2
